cohdb
Replays
Latest Replays
All Replays
Popular Replays
Top Player Replays
Match Explorer
How It Works
Community
CoH3 Stats
Reddit
Sign in to upload your games and track your stats! →
Sign in with Steam
Match 45123958
Unlisted
Match 45123958
Overview
Messages
Build Orders
End
250 Light Carrier
Panzergrenadier Squad
Panzergrenadier Squad
Construct Light Support Kompanie
Combat Half-tracks
Fire Support Elements
Flakvierling Half-track
Pak 38 Mechanized Group
Vehicle Survival Package
Construct Panzerarmee Kommand
Emergency Repair Kits
Panzer III L Medium Tank
Rapid Advance
Panzerjäger Mechanized Group
Panzer III L Medium Tank
Selects Armored Support Battlegroup
Selects Salvage Kits
Selects Panzer Storm
Selects Stuka Dive Bomb
Panzer III L Medium Tank
Tungsten Core Ammunition
Stuka Dive Bomb
Panzer III L Medium Tank
Panzer III L Medium Tank
Selects Veteran Gunners
Panzerpioneer Squad
Flak 36 Anti-tank Gun Team
banstyle
ValiantHawk
AirborneAssassin
Brick_man
.Scarlet.
thicol14
0
0
Comments
sign in to comment!
No comments posted yet!